 Dungeon Sprint DCSS version 0.20-a0-1124-g2e29d97 (webtiles) character file.

28 poirepourri the Covert (level 5, 0/25 HPs)
             Began as a Spriggan Enchanter on Apr 7, 2017.
             Was a Believer of Dithmenos.
             Slain by a fire bat (3 damage)
             ... in the Dungeon (Sprint VI: "Thunderdome") on May 16, 2017.
             The game lasted 00:02:12 (340 turns).

poirepourri the Covert (Spriggan Enchanter)          Turns: 340, Time: 00:02:13

Health: 0/25       AC:  2    Str:  4    XL:     5   Next: 23%
Magic:  3/14       EV: 23    Int: 18    God:    Dithmenos [**....]
Gold:   70         SH:  0    Dex: 21    Spells: 6/15 levels left

rFire    + . .     SeeInvis +   a - +1 dagger
rCold    . . .     Gourm    .   (shield restricted)
rNeg     . . .     Faith    +   b - +0 robe
rPois    .         Spirit   .   (helmet restricted)
rElec    .         Reflect  .   (no cloak)
rCorr    .         Harm     .   (gloves unavailable)
MR       +....     NoTele   +   (boots unavailable)
Stlth    ++++++....             p - amulet of Qosatat {Faith rF+ MR+ Int+2}
Regen    0.1/turn               o - ring of Totit {+Fly Dex+3}
MPRegen  0.2/turn               (no ring)

@: wreathed by umbra, very quick
A: unfitting armour, see invisible, herbivore 3, speed 3, slow metabolism 2
a: Shadow Step, Renounce Religion, Evoke Flight


You were in the Dungeon.
You worshipped Dithmenos.
Dithmenos was pleased with you.
You were not hungry.

You visited 1 branch You collected 250 gold pieces.
You spent 180 gold pieces at shops.

Inventory:

Hand Weapons
 a - a +1 dagger (weapon)
Armour
 b - a +0 robe (worn)
Jewellery
 o - the ring of Totit (left hand) {+Fly Dex+3}
   (You bought it in a shop in the Dungeon)

   [ring of flight]

   It affects your dexterity (+3).
   It lets you fly.
 p - the amulet of Qosatat (around neck) {Faith rF+ MR+ Int+2}
   (You bought it in a shop in the Dungeon)

   [amulet of faith]

   It allows you to gain divine favour quickly.
   It affects your intelligence (+2).
   It protects you from fire.
   It affects your resistance to hostile enchantments.
 q - the ring "Fyppun" {rElec Str+5 Int-4 Stlth-}
   (You bought it in a shop in the Dungeon)

   [ring of loudness]

   It affects your strength (+5).
   It affects your intelligence (-4).
   It insulates you from electricity.
   It makes you less stealthy.
 r - the ring of the Catamount {+Fly Str-5 Int+4 Slay+5}
   (You bought it in a shop in the Dungeon)

   [ring of intelligence]

   It affects your strength (-5).
   It affects your intelligence (+4).
   It affects your accuracy and damage with ranged weapons and melee attacks
   (+5).
   It lets you fly.
Wands
 l - a wand of acid (4/15)
 m - a wand of iceblast (5/15)
Scrolls
 j - 4 scrolls of blinking
 n - 3 scrolls of fog
Potions
 e - a potion of curing
 f - 4 potions of heal wounds
 g - 4 potions of haste
 h - 2 potions of magic
 k - a potion of resistance
Books
 c - a book of Maledictions

   Spells                             Type                      Level
   a - Corona                         Hexes                        1
   b - Ensorcelled Hibernation        Hexes/Ice                    2
   c - Confuse                        Hexes                        3
   d - Tukima's Dance                 Hexes                        3
   e - Dazzling Spray                 Conjuration/Hexes            3
Comestibles
 d - a bread ration


   Skills:
 + Level 0.7 Fighting
 + Level 3.1 Short Blades
 + Level 6.3 Dodging
 + Level 9.4 Stealth
 + Level 5.5 Spellcasting
 + Level 8.5 Hexes
 + Level 0.8 Ice Magic


You had 6 spell levels left.
You knew the following spells:

 Your Spells              Type           Power        Failure   Level  Hunger
a - Corona                Hex            #####..      1%          1    None
b - Ensorcelled Hibernat  Hex/Ice        ###...       2%          2    #......
c - Confuse               Hex            #####...     1%          3    ##.....
d - Tukima's Dance        Hex            #####...     1%          3    ##.....


Dungeon Overview and Level Annotations

Branches:
Dungeon (1/1)

Altars:
Cheibriados
Dithmenos
Fedhas
Gozag
Kikubaaqudgha
Makhleb
Okawaru
Qazlal
Ru
Sif Muna
Trog
Uskayaw
Vehumet
Wu Jian
Xom
Yredelemnul
Zin
The Shining One
Beogh
Jiyva
Lugonu

Shops:
D *[%??*?*:[((!!!!


Innate Abilities, Weirdness & Mutations

You are very small and have problems with some larger weapons.
You are too small for most types of armour.
You have supernaturally acute eyesight. (SInv)
You are a herbivore.
You cover ground extremely quickly.
You need consume almost no food.


Message History

The fire bat closely misses you.
Casting: Confuse
Confirm with . or Enter, or press ? or * to list all spells.
You don't have enough magic to cast that spell.
Casting: Confuse
Confirm with . or Enter, or press ? or * to list all spells.
You don't have enough magic to cast that spell.
Unknown command.
You hit the fire bat.
The fire bat is lightly wounded.
The fire bat completely misses you. The fire bat misses you.
The fire bat completely misses you. x2
The fire bat barely misses you. The fire bat bites you.
You are engulfed in flames.
You resist.
* * * LOW HITPOINT WARNING * * *
The fire bat bites you but does no damage.
You closely miss the fire bat. The fire bat misses you. The fire bat bites you.
* * * LOW HITPOINT WARNING * * *
You are engulfed in flames.
You resist.
You die...

###.........###
#⌠...........⌠#
######.8.........8.#####
##∩___......###......___∩
###∩........8.# #.8........
##.............###..........
#⌠..........###...###.......
#⌠..........# #.<.# #.......
#⌠.........@###...###..†....
##.........bb..###....b.....
###∩........8.# #.8........
##∩___......###........_∩
######.8..[......8.#####
#⌠...........⌠#
###.........### #_...[..._#
#_......._#


You could see 2 fire bats.

Vanquished Creatures
  2 scorpions (D)
  2 orc wizards (D)
  An adder (D)
  A worm (D)
  2 giant cockroaches (D)
8 creatures vanquished.

Notes
Turn   | Place    | Note
-------+----------+-------------------------------------------
     0 | D        | poirepourri the Spriggan Enchanter began the quest for the Orb.
     0 | D        | Reached XP level 1. HP: 9/9 MP: 5/5
     4 | D        | Found a burning altar of Makhleb.
     4 | D        | Found a viscous altar of Jiyva.
     5 | D        | Found a glowing silver altar of Zin.
     6 | D        | Found a radiant altar of Vehumet.
     6 | D        | Found a blossoming altar of Fedhas.
     7 | D        | Found Gith's Bee Food.
     7 | D        | Found a sacrificial altar of Ru.
     7 | D        | Found a roughly hewn altar of Beogh.
     7 | D        | Found an ornate altar of the Wu Jian Council.
     7 | D        | Found Elidd's Identification Station.
     8 | D        | Found Ofoir's Jewellery.
     8 | D        | Found Usemohaor's Advanced Armour.
     9 | D        | Round 1.
    16 | D        | Bought a shimmering copper ring for 45 gold pieces
    16 | D        | Bought a scorched iron amulet for 45 gold pieces
    16 | D        | Bought a warped bone ring for 45 gold pieces
    16 | D        | Identified the amulet of Qosatat {Faith rF+ MR+ Int+2} (You bought it in a shop in the Dungeon)
    17 | D        | Identified the ring of Totit {+Fly Dex+3} (You bought it in a shop in the Dungeon)
    18 | D        | Identified the ring "Fyppun" {rElec Str+5 Int-4 Stlth-} (You bought it in a shop in the Dungeon)
    19 | D        | Bought a transparent iron ring for 45 gold pieces
    20 | D        | Lost strength.
    20 | D        | Identified the ring of the Catamount {+Fly Str-5 Int+4 Slay+5} (You bought it in a shop in the Dungeon)
    31 | D        | Noticed an orc wizard
    34 | D        | Found a glowing golden altar of the Shining One.
    36 | D        | Found an iron altar of Okawaru.
    38 | D        | Found a shadowy altar of Dithmenos.
    39 | D        | Found Saotim's Premium Goods.
    41 | D        | Found Hautod's Miscellaneous Merchandise.
    41 | D        | Found Biumius's Basic Armour.
    42 | D        | Found a hide-covered altar of Uskayaw.
    42 | D        | Found a corrupted altar of Lugonu.
    42 | D        | Found an ancient bone altar of Kikubaaqudgha.
    42 | D        | Found Opoymea's Weapon Rack.
    52 | D        | Killed an orc wizard
    52 | D        | Reached skill level 6 in Stealth
    52 | D        | Reached skill level 5 in Hexes
    52 | D        | Reached XP level 2. HP: 2/13 MP: 5/7
    68 | D        | Became a worshipper of Dithmenos the Shadowed
   111 | D        | Reached skill level 7 in Stealth
   111 | D        | Reached XP level 3. HP: 5/16 MP: 7/9
   115 | D        | Learned a level 2 spell: Ensorcelled Hibernation
   119 | D        | Learned a level 3 spell: Confuse
   123 | D        | Learned a level 3 spell: Tukima's Dance
   154 | D        | Found a bloodstained altar of Trog.
   154 | D        | Found Alukap's Do-It-Yourself Clinic.
   154 | D        | Found Yjybb's Bottled Wisdom.
   155 | D        | Found Durchaot's Distillery.
   157 | D        | Found a deep blue altar of Sif Muna.
   157 | D        | Found a stormy altar of Qazlal.
   157 | D        | Found an opulent altar of Gozag.
   157 | D        | Found Ezapae's Distillery.
   160 | D        | Reached * piety under Dithmenos
   160 | D        | Reached skill level 5 in Dodging
   163 | D        | Found a shimmering altar of Xom.
   164 | D        | Found a basalt altar of Yredelemnul.
   165 | D        | Found a snail-covered altar of Cheibriados.
   166 | D        | Found Iqony's Staff Store.
   167 | D        | Found Tiruor's Magic Scroll Shop.
   167 | D        | Found Xiepe's Must-Have Magic.
   167 | D        | Found Zisunog's Magic Scroll Shop.
   168 | D        | Arena points: 4 (+4) [x1]
   192 | D        | Round 2.
   197 | D        | Noticed a scorpion
   198 | D        | Noticed a scorpion
   210 | D        | Killed a scorpion
   210 | D        | Reached skill level 8 in Stealth
   210 | D        | Reached XP level 4. HP: 11/21 MP: 3/11
   244 | D        | Reached ** piety under Dithmenos
   271 | D        | Reached skill level 9 in Stealth
   271 | D        | Reached skill level 5 in Spellcasting
   271 | D        | Reached XP level 5. HP: 17/25 MP: 0/14
   288 | D        | Arena points: 28 (+24) [x2]
   306 | D        | Round 3.
   321 | D        | Noticed a fire bat
   322 | D        | Noticed a fire bat
   323 | D        | Upgraded the game from 0.20-a0-967-g62cfa5d to 0.20-a0-1124-g2e29d97
   331 | D        | Noticed a fire bat
   340 | D        | Slain by a fire bat

Vault maps used:
D:        arena_sprint

Skill      XL: |  1  2  3  4 |
---------------+-------------+-----
Dodging        | 4 5 6 |  6.3
Stealth        | 6 7 8 9 |  9.4
Spellcasting   | 3 4 5 |  5.5
Hexes          | 5 6 7 8 |  8.5
Short Blades   | 2 3 |  3.1
Fighting       | |  0.7
Ice Magic      | |  0.8

Action                   |  1- 3 |  4- 6 || total
-------------------------+-------+-------++-------
Melee: Dagger            |     8 |    25 ||    33
 Cast: Ensorcelled Hiber |     3 |     5 ||     8
       Confuse           |       |     1 ||     1
Evoke: Wand              |     1 |       ||     1
  Use: Potion            |     1 |       ||     1
 Stab: Sleeping          |     2 |     2 ||     4
Armor: Robe              |       |     4 ||     4
Dodge: Dodged            |     8 |    37 ||    45
